| TOP OF THE 1ST |
|
Houston Astros batting - Pitching for Kansas City Royals : RHP Jimmy Silveira IV
|
|
Pitching: RHP Jimmy Silveira IV
|
|
|
Batting: RHB Matt Thompson
|
0-0: Ball 1-0: Foul Ball, location: 2F 1-1: Ball 2-1: Foul Ball, location: 2F 2-2: Foul Ball, location: 2F 2-2: Ball 3-2: Ground out 4-3 (Groundball, 4, EV 83.8 MPH)
|
|
Batting: RHB Chang-wei Jiang
|
0-0: Ball 1-0: Foul Ball, location: 2F 1-1: SINGLE (Groundball, 25, EV 69.4 MPH) (infield hit)
|
|
Batting: SHB Addick de Vries
|
0-0: Called Strike 0-1: Ball 1-1: Ball 2-1: Ball 3-1: Base on Balls Chang-wei Jiang to second
|
|
Batting: RHB Danny Dyer
|
0-0: Ball 1-0: Called Strike 1-1: 3-RUN HOME RUN (Flyball, 78XD, EV 111.9 MPH), Distance : 414 ft
|
|
Batting: SHB Joe Gardner
|
0-0: Ground out U3 (Groundball, 3, EV 86.2 MPH)
|
|
Batting: RHB Trevor Mock
|
0-0: Ball 1-0: Fly out, F7 (Flyball, 7, EV 86.2 MPH)
|
| Top of the 1st over - 3 runs, 2 hits, 0 errors, 0 left on base; Houston 3 - Kansas City 0 |
| BOTTOM OF THE 1ST |
|
Kansas City Royals batting - Pitching for Houston Astros : RHP Chris Perretta
|
|
Pitching: RHP Chris Perretta
|
|
|
Batting: RHB Aaron Matthews
|
0-0: Called Strike 0-1: Ball 1-1: Ball 2-1: Ball 3-1: Foul Ball, location: 2F 3-2: Foul Ball, location: 2F 3-2: Foul Ball, location: 2F 3-2: Base on Balls
|
|
Batting: RHB Emilio Gallegos
|
0-0: Ball 1-0: Foul Ball, location: 2F 1-1: Ball 2-1: Grounds into double play, 4-6-3 (Groundball, 4, EV 103.8 MPH)
|
|
Batting: LHB Mike Meyerhoff
|
0-0: Called Strike 0-1: Called Strike 0-2: SOLO HOME RUN (Flyball, 8LXD, EV 112.5 MPH), Distance : 430 ft
|
|
Batting: SHB Tony Prado
|
0-0: Ball 1-0: Called Strike 1-1: Fly out, F9 (Flyball, 9LM, EV 95.6 MPH)
|
| Bottom of the 1st over - 1 run, 1 hit, 0 errors, 0 left on base; Houston 3 - Kansas City 1 |
| TOP OF THE 2ND |
|
Houston Astros batting - Pitching for Kansas City Royals : RHP Jimmy Silveira IV
|
|
Batting: LHB Ian Jarvis
|
0-0: Called Strike 0-1: Ball 1-1: Ball 2-1: Foul Ball, location: 2F 2-2: Ground out 4-3 (Groundball, 4S, EV 84.4 MPH)
|
|
Batting: RHB Josh Froyd
|
0-0: Called Strike 0-1: Called Strike 0-2: Ball 1-2: Foul Ball, location: 2F 1-2: Ball 2-2: Foul Ball, location: 2F 2-2: Foul Ball, location: 2F 2-2: Ball 3-2: Foul Ball, location: 2F 3-2: Ground out 6-3 (Groundball, 6S, EV 92.5 MPH)
|
|
Batting: LHB Tyler Babbitt
|
0-0: Fly out, F9 (Flyball, 9, EV 86.2 MPH)
|
| Top of the 2nd over - 0 runs, 0 hits, 0 errors, 0 left on base; Houston 3 - Kansas City 1 |
| BOTTOM OF THE 2ND |
|
Kansas City Royals batting - Pitching for Houston Astros : RHP Chris Perretta
|
|
Batting: SHB Gareth Busby
|
0-0: Ball 1-0: Ball 2-0: Ball 3-0: Called Strike 3-1: Called Strike 3-2: Foul Ball, location: 2F 3-2: Foul Ball, location: 2F 3-2: Strikes out looking
|
|
Batting: RHB Adriaan Pieters
|
0-0: Called Strike 0-1: Fly out, F7 (Flyball, 78S, EV 93.1 MPH)
|
|
Batting: LHB Manny Estrada
|
0-0: Ball 1-0: Foul Ball, location: 2F 1-1: Foul Ball, location: 2F 1-2: Foul Ball, location: 2F 1-2: Ball 2-2: Ground out 4-3 (Groundball, 4, EV 99.4 MPH)
|
| Bottom of the 2nd over - 0 runs, 0 hits, 0 errors, 0 left on base; Houston 3 - Kansas City 1 |
| TOP OF THE 3RD |
|
Houston Astros batting - Pitching for Kansas City Royals : RHP Jimmy Silveira IV
|
|
Batting: RHB Matt Thompson
|
0-0: Called Strike 0-1: Ball 1-1: Ball 2-1: Foul Ball, location: 2F 2-2: Strikes out swinging
|
|
Batting: RHB Chang-wei Jiang
|
0-0: Ball 1-0: Ball 2-0: Foul Ball, location: 2F 2-1: Swinging Strike 2-2: Strikes out swinging
|
|
Batting: SHB Addick de Vries
|
0-0: Ball 1-0: Foul Ball, location: 2F 1-1: Foul Ball, location: 2F 1-2: Ball 2-2: Ground out U3 (Groundball, 3S, EV 91.9 MPH)
|
| Top of the 3rd over - 0 runs, 0 hits, 0 errors, 0 left on base; Houston 3 - Kansas City 1 |
| BOTTOM OF THE 3RD |
|
Kansas City Royals batting - Pitching for Houston Astros : RHP Chris Perretta
|
|
Batting: RHB Jordan Diaz
|
0-0: Ball 1-0: Ball 2-0: Fly out, F2 (Popup, 23F, EV 94.4 MPH)
|
|
Batting: RHB Avery Maxwell
|
0-0: Foul Ball, location: 2F 0-1: Ball 1-1: Fly out, F8 (Flyball, 8RS, EV 73.1 MPH)
|
|
Batting: RHB Aaron Matthews
|
0-0: Ball 1-0: Ball 2-0: Foul Ball, location: 2F 2-1: Foul Ball, location: 2F 2-2: Foul Ball, location: 2F 2-2: Strikes out swinging
|
| Bottom of the 3rd over - 0 runs, 0 hits, 0 errors, 0 left on base; Houston 3 - Kansas City 1 |
| TOP OF THE 4TH |
|
Houston Astros batting - Pitching for Kansas City Royals : RHP Jimmy Silveira IV
|
|
Batting: RHB Danny Dyer
|
0-0: Called Strike 0-1: Hit by Pitch
|
|
Batting: SHB Joe Gardner
|
0-0: Called Strike 0-1: Foul Ball, location: 2F 0-2: Strikes out swinging
|
|
Batting: RHB Trevor Mock
|
0-0: Called Strike 0-1: Ball 1-1: Swinging Strike 1-2: Strikes out swinging
|
|
Batting: LHB Ian Jarvis
|
0-0: Swinging Strike 0-1: Ball 1-1: Foul Ball, location: 2F 1-2: Ball 2-2: Foul Ball, location: 2F 2-2: Strikes out looking
|
| Top of the 4th over - 0 runs, 0 hits, 0 errors, 1 left on base; Houston 3 - Kansas City 1 |
| BOTTOM OF THE 4TH |
|
Kansas City Royals batting - Pitching for Houston Astros : RHP Chris Perretta
|
|
Batting: RHB Emilio Gallegos
|
0-0: Ball 1-0: Fly out, F4 (Popup, 4S, EV 79.4 MPH)
|
|
Batting: LHB Mike Meyerhoff
|
0-0: Ball 1-0: Ball 2-0: Ball 3-0: Base on Balls
|
|
Batting: SHB Tony Prado
|
0-0: Fly out, F7 (Line Drive, 7D, EV 90.6 MPH)
|
|
Batting: SHB Gareth Busby
|
0-0: SINGLE (Groundball, 6S, EV 61.9 MPH) (infield hit) Mike Meyerhoff to second
|
|
Batting: RHB Adriaan Pieters
|
0-0: Ball 1-0: Fly out, F8 (Flyball, 8RXD, EV 106.9 MPH)
|
| Bottom of the 4th over - 0 runs, 1 hit, 0 errors, 2 left on base; Houston 3 - Kansas City 1 |
| TOP OF THE 5TH |
|
Houston Astros batting - Pitching for Kansas City Royals : RHP Jimmy Silveira IV
|
|
Batting: RHB Josh Froyd
|
0-0: Called Strike 0-1: Ball 1-1: Foul Ball, location: 2F 1-2: Foul Ball, location: 2F 1-2: Ball 2-2: Fly out, F6 (Popup, 6, EV 65.6 MPH)
|
|
Batting: LHB Tyler Babbitt
|
0-0: Called Strike 0-1: Ground out 1-3 (Groundball, 13S, EV 63.1 MPH)
|
|
Batting: RHB Matt Thompson
|
0-0: Ground out 5-3 (Groundball, 56, EV 78.8 MPH)
|
| Top of the 5th over - 0 runs, 0 hits, 0 errors, 0 left on base; Houston 3 - Kansas City 1 |
| BOTTOM OF THE 5TH |
|
Kansas City Royals batting - Pitching for Houston Astros : RHP Chris Perretta
|
|
Batting: LHB Manny Estrada
|
0-0: Ball 1-0: Ball 2-0: Fly out, F8 (Flyball, 8LD, EV 91.2 MPH)
|
|
Batting: RHB Jordan Diaz
|
0-0: Called Strike 0-1: Ball 1-1: Swinging Strike 1-2: Strikes out looking
|
|
Batting: RHB Avery Maxwell
|
0-0: Called Strike 0-1: Ball 1-1: Foul Ball, location: 2F 1-2: Fly out, F9 (Flyball, 89M, EV 83.1 MPH)
|
| Bottom of the 5th over - 0 runs, 0 hits, 0 errors, 0 left on base; Houston 3 - Kansas City 1 |
| TOP OF THE 6TH |
|
Houston Astros batting - Pitching for Kansas City Royals : RHP Jimmy Silveira IV
|
|
Batting: RHB Chang-wei Jiang
|
0-0: Ball 1-0: Ground out 4-3 (Groundball, 4, EV 84.4 MPH)
|
|
Batting: SHB Addick de Vries
|
0-0: Called Strike 0-1: Ball 1-1: Ball 2-1: Ground out 6-3 (Groundball, 6, EV 105.6 MPH)
|
|
Batting: RHB Danny Dyer
|
0-0: Ball 1-0: Swinging Strike 1-1: Foul Ball, location: 2F 1-2: Strikes out swinging
|
| Top of the 6th over - 0 runs, 0 hits, 0 errors, 0 left on base; Houston 3 - Kansas City 1 |
| BOTTOM OF THE 6TH |
|
Kansas City Royals batting - Pitching for Houston Astros : RHP Chris Perretta
|
|
Batting: RHB Aaron Matthews
|
0-0: Foul Ball, location: 2F 0-1: Foul Ball, location: 2F 0-2: Ball 1-2: SINGLE (Line Drive, 34, EV 97.5 MPH)
|
|
Batting: RHB Emilio Gallegos
|
0-0: Ball 1-0: Called Strike 1-1: Ball 2-1: Grounds into double play, 6-4-3 (Groundball, 6, EV 86.9 MPH)
|
|
Batting: LHB Mike Meyerhoff
|
0-0: Called Strike 0-1: Swinging Strike 0-2: Hit by Pitch
|
|
Batting: SHB Tony Prado
|
0-0: Called Strike 0-1: Ball 1-1: Ball 2-1: Swinging Strike 2-2: Ball 3-2: Foul Ball, location: 2F 3-2: SINGLE (Groundball, 5S, EV 68.8 MPH) (infield hit) Mike Meyerhoff to second
|
|
Batting: SHB Gareth Busby
|
0-0: Called Strike 0-1: Ball 1-1: Ball 2-1: Called Strike 2-2: Foul Ball, location: 2F 2-2: Strikes out looking
|
| Bottom of the 6th over - 0 runs, 2 hits, 0 errors, 2 left on base; Houston 3 - Kansas City 1 |
| TOP OF THE 7TH |
|
Houston Astros batting - Pitching for Kansas City Royals : RHP Jimmy Silveira IV
|
|
Batting: SHB Joe Gardner
|
0-0: Ball 1-0: Ground out 4-3 (Groundball, 34, EV 109.4 MPH)
|
|
Batting: RHB Trevor Mock
|
0-0: Called Strike 0-1: Foul Ball, location: 2F 0-2: Ball 1-2: Foul Ball, location: 2F 1-2: Strikes out looking
|
|
Batting: LHB Ian Jarvis
|
0-0: Called Strike 0-1: Ball 1-1: Swinging Strike 1-2: Strikes out swinging
|
| Top of the 7th over - 0 runs, 0 hits, 0 errors, 0 left on base; Houston 3 - Kansas City 1 |
| BOTTOM OF THE 7TH |
|
Kansas City Royals batting - Pitching for Houston Astros : RHP Chris Perretta
|
|
Batting: RHB Adriaan Pieters
|
0-0: Ball 1-0: Ball 2-0: Called Strike 2-1: Ball 3-1: Base on Balls
|
|
Batting: LHB Manny Estrada
|
0-0: Ball 1-0: SINGLE (Groundball, 4MD, EV 97.5 MPH) Adriaan Pieters to second Runner from 2nd tries for 3rd, SAFE, throw by CF made at trailing runner, OUT! 8-6
|
|
Batting: RHB Jordan Diaz
|
0-0: Swinging Strike 0-1: Ball 1-1: Called Strike 1-2: Foul Ball, location: 2F 1-2: Ball 2-2: Ground out 6-3 (Groundball, 56, EV 79.4 MPH) Adriaan Pieters scores
|
|
Batting: RHB Avery Maxwell
|
0-0: Called Strike 0-1: SINGLE (Groundball, 25, EV 72.5 MPH) (infield hit)
|
|
Pitching: RHP Bill Dillard
|
|
|
Batting: RHB Aaron Matthews
|
0-0: Ball 1-0: Swinging Strike 1-1: Called Strike 1-2: Fly out, F8 (Flyball, 8RS, EV 84.4 MPH)
|
| Bottom of the 7th over - 1 run, 2 hits, 0 errors, 1 left on base; Houston 3 - Kansas City 2 |
| TOP OF THE 8TH |
|
Houston Astros batting - Pitching for Kansas City Royals : RHP Jimmy Silveira IV
|
|
Batting: RHB Josh Froyd
|
0-0: Ball 1-0: Fly out, F1 (Line Drive, P, EV 67.5 MPH)
|
|
Batting: LHB Tyler Babbitt
|
0-0: Ball 1-0: Ball 2-0: Ball 3-0: Base on Balls
|
|
Batting: RHB Matt Thompson
|
0-0: Ball 1-0: Called Strike 1-1: Ball 2-1: Ball 3-1: Foul Ball, location: 2F 3-2: Grounds into double play, 6-4-3 (Groundball, 6, EV 109.4 MPH)
|
| Top of the 8th over - 0 runs, 0 hits, 0 errors, 0 left on base; Houston 3 - Kansas City 2 |
| BOTTOM OF THE 8TH |
|
Kansas City Royals batting - Pitching for Houston Astros : RHP Bill Dillard
|
|
Batting: RHB Emilio Gallegos
|
0-0: Ball 1-0: Ground out 1-3 (Groundball, 15S, EV 67.5 MPH)
|
|
Pitching: LHP Chad Dominey
|
|
|
Batting: LHB Mike Meyerhoff
|
0-0: Called Strike 0-1: Fly out, F5 (Popup, 15, EV 69.4 MPH)
|
|
Batting: SHB Tony Prado
|
0-0: Ball 1-0: Ball 2-0: Swinging Strike 2-1: SINGLE (Line Drive, 9S, EV 106.9 MPH)
|
|
Batting: SHB Gareth Busby
|
0-0: Called Strike 0-1: Ground out 5-3 (Groundball, 5S, EV 88.8 MPH)
|
| Bottom of the 8th over - 0 runs, 1 hit, 0 errors, 1 left on base; Houston 3 - Kansas City 2 |
| TOP OF THE 9TH |
|
Houston Astros batting - Pitching for Kansas City Royals : RHP Jimmy Silveira IV
|
|
Pinch Hitting: LHB Bob Myers
|
0-0: Called Strike 0-1: Ground out 6-3 (Groundball, 6, EV 106.2 MPH)
|
|
Batting: SHB Addick de Vries
|
0-0: Ball 1-0: Fly out, F7 (Flyball, 7D, EV 100.6 MPH)
|
|
Pitching: RHP Chris Irvin
|
|
|
Batting: RHB Danny Dyer
|
0-0: Foul Ball, location: 2F 0-1: Ball 1-1: Swinging Strike 1-2: Foul Ball, location: 2F 1-2: Strikes out swinging
|
| Top of the 9th over - 0 runs, 0 hits, 0 errors, 0 left on base; Houston 3 - Kansas City 2 |
| BOTTOM OF THE 9TH |
|
Kansas City Royals batting - Pitching for Houston Astros : LHP Chad Dominey
|
|
Pitching: LHP Mat Pear
|
|
|
Now at 3B: Chris Fitzgerald
|
|
|
Now in RF: Antonio Aranda
|
|
|
Batting: RHB Adriaan Pieters
|
0-0: Ball 1-0: Ball 2-0: Foul Ball, location: 2F 2-1: Swinging Strike 2-2: Fly out, F8 (Line Drive, 8RD, EV 91.9 MPH)
|
|
Pinch Hitting: RHB Bob Najar
|
0-0: Called Strike 0-1: Ball 1-1: Foul Ball, location: 2F 1-2: Ball 2-2: Strikes out looking
|
|
Batting: RHB Jordan Diaz
|
0-0: SINGLE (Line Drive, 89S, EV 91.2 MPH)
|
|
Batting: RHB Avery Maxwell
|
0-0: Ball 1-0: Ball 2-0: Swinging Strike 2-1: Ball 3-1: Base on Balls Jordan Diaz to second
|
|
Batting: RHB Aaron Matthews
|
0-0: Ball 1-0: Ball 2-0: SINGLE (Line Drive, 78S, EV 100.0 MPH) Jordan Diaz to third Avery Maxwell to second Runner from 3rd tries for Home, SAFE, throw by LF to home
|
|
Batting: RHB Emilio Gallegos
|
0-0: Called Strike 0-1: Ball 1-1: Swinging Strike 1-2: Foul Ball, location: 2F 1-2: Foul Ball, location: 2F 1-2: Ball 2-2: Foul Ball, location: 2F 2-2: Foul Ball, location: 2F 2-2: Ball 3-2: Strikes out swinging
|
| Bottom of the 9th over - 1 run, 2 hits, 0 errors, 2 left on base; Houston 3 - Kansas City 3 |
| TOP OF THE 10TH |
|
Houston Astros batting - Pitching for Kansas City Royals : RHP Chris Irvin
|
|
Pitching: RHP Asa Hahn
|
|
|
Now at 1B: Bob Najar
|
|
|
Batting: SHB Joe Gardner
|
0-0: Ball 1-0: Foul Ball, location: 2F 1-1: Foul Ball, location: 2F 1-2: Foul Ball, location: 2F 1-2: SOLO HOME RUN (Line Drive, 9D, EV 100.0 MPH), Distance : 386 ft
|
|
Batting: RHB Trevor Mock
|
0-0: Called Strike 0-1: Called Strike 0-2: Strikes out swinging
|
|
Batting: LHB Ian Jarvis
|
0-0: Called Strike 0-1: Foul Ball, location: 2F 0-2: Strikes out swinging
|
|
Batting: RHB Josh Froyd
|
0-0: Ball 1-0: Ball 2-0: Called Strike 2-1: Ball 3-1: Base on Balls
|
|
Pitching: RHP Cody Autry
|
|
|
Batting: RHB Antonio Aranda
|
0-0: Ball 1-0: Foul Ball, location: 2F 1-1: Ball 2-1: Foul Ball, location: 2F 2-2: Foul Ball, location: 2F 2-2: Strikes out swinging
|
| Top of the 10th over - 1 run, 1 hit, 0 errors, 1 left on base; Houston 4 - Kansas City 3 |
| BOTTOM OF THE 10TH |
|
Kansas City Royals batting - Pitching for Houston Astros : LHP Mat Pear
|
|
Pitching: LHP Brian Thomas
|
|
|
Batting: LHB Mike Meyerhoff
|
0-0: Ball 1-0: Foul Ball, location: 2F 1-1: Called Strike 1-2: Strikes out looking
|
|
Batting: SHB Tony Prado
|
0-0: Ball 1-0: Ball 2-0: Ball 3-0: Called Strike 3-1: Called Strike 3-2: Foul Ball, location: 2F 3-2: Foul Ball, location: 2F 3-2: Base on Balls
|
|
Batting: SHB Gareth Busby
|
0-0: Ball 1-0: Ball 2-0: Fly out, F8 (Line Drive, 8RD, EV 98.1 MPH)
|
|
Batting: RHB Adriaan Pieters
|
0-0: Called Strike 0-1: Called Strike 0-2: Fielders Choice at 2nd, 6-4 (Groundball, 56, EV 100.0 MPH)
|
| Bottom of the 10th over - 0 runs, 0 hits, 0 errors, 1 left on base; Houston 4 - Kansas City 3 |
|